 Dungeon Crawl Stone Soup version 0.30.1-4-g462c640d31 (webtiles) character file.

Game seed: 14980301257466326127

839 BillyBaka the Shooter (level 8, -3/48 HPs)
             Began as a Kobold Hunter on Sept 4, 2023.
             Was an Initiate of the Shining One.
             Slain by an orc
             ... wielding a +0 short sword
              (4 damage)
             ... on level 5 of the Dungeon.
             The game lasted 00:19:10 (4946 turns).

BillyBaka the Shooter (Kobold Hunter)               Turns: 4946, Time: 00:19:13

Health: -3/48      AC:  5    Str:  8    XL:     8   Next: 19%
Magic:  8/8        EV: 18    Int: 10    God:    the Shining One [......]
Gold:   169        SH:  0    Dex: 21    Spells: 7/7 levels left

rFire   . . .        a - +0 shortbow
rCold   . . .        (shield currently unavailable)
rNeg    . . .        q - +1 robe "Arusoone" {Archmagi}
rPois   .            m - +0 helmet
rElec   .            (no cloak)
rCorr   .            (no gloves)
SInv    .            n - +0 pair of boots
Will    .....        (no amulet)
Stlth   ++           (no ring)
HPRegen 0.28/turn    (no ring)
MPRegen 0.11/turn

%: archmagi
@: about to teleport, glowing
A: small, no large weapons, nightstalker 3
a: Renounce Religion


You were on level 5 of the Dungeon.
You worshipped the Shining One.
The Shining One was noncommittal.
You visited 1 branch of the dungeon, and saw 5 of its levels.

You collected 274 gold pieces.
You spent 105 gold pieces at shops.

Inventory:

Hand Weapons
 a - a +0 shortbow (weapon)
 b - a +0 dagger of venom
Missiles
 e - a throwing net
Armour
 m - a +0 helmet (worn)
 n - a +0 pair of boots (worn)
 q - the +1 robe "Arusoone" (worn) {Archmagi}
   (You found it on level 2 of the Dungeon)

   Archmagi:  It increases the power of your magical spells.
Wands
 c - a wand of acid (7)
 f - a wand of charming (6)
 s - a wand of iceblast (9)
 t - a wand of polymorph (10)
Scrolls
 d - 2 scrolls of poison
 h - a scroll of enchant armour {unknown}
 i - a scroll of enchant weapon {unknown}
 k - 2 scrolls of fear {unknown}
 r - a scroll of summoning {unknown}
 u - 2 scrolls of amnesia {unknown}
 x - 2 scrolls of immolation
 y - a scroll of teleportation
Potions
 g - a potion of brilliance {unknown}
 j - a potion of resistance {unknown}
 l - a potion of flight {unknown}
 o - a potion of attraction {unknown}
 p - a potion of magic {unknown}
 v - a potion of berserk rage {unknown}
 w - a potion of lignification {unknown}
 z - a potion of curing


   Skills:
 + Level 4.9 Fighting
 + Level 7.4 Ranged Weapons
 + Level 5.3 Dodging
 + Level 5.9 Stealth
 + Level 0.0 Invocations
 + Level 3.4 Evocations


You had 7 spell levels left.
You didn't know any spells.
Your spell library contained the following spells:

 Spells                   Type           Power      Damage    Failure   Level
 Lesser Beckoning         Tloc           0%         N/A       50%         2
 Gell's Gravitas          Tloc           0%         N/A       75%         3
 Teleport Other           Tloc           0%         N/A       75%         3
 Vhi's Electric Charge    Tloc/Air       0%         N/A       75%         3
 Arcjolt                  Conj/Air       0%         1d10      100%        5
 Maxwell's Capacitive Co  Air            0%         ∞         100%        8


Dungeon Overview and Level Annotations

Branches:
Dungeon (5/15)
 Temple: D:4-7

Altars:
Cheibriados
Ru
Wu Jian
Xom
The Shining One

Shops:
D:5 **


Innate Abilities, Weirdness & Mutations

You are small and have problems with some larger weapons.
You are completely attuned to the shadows.


Message History

You hear a shout! x2
The orc priest hits you with a +0 trident!
An orc comes into view. It is wielding a +0 mace.
An orc comes into view. It is wielding a +0 short sword.
The orc misses you.
You shoot an arrow.
The arrow completely misses the orc priest.
The orc priest hits you with a +0 trident.
The orc hits you with a +0 short sword. The orc closely misses you.
You shoot an arrow. The arrow barely misses the orc priest.
The orc priest calls down the wrath of Beogh upon you.
Pain shoots through your body! The orc hits you with a +0 falchion.
The orc hits you but does no damage.
As you read the scroll of teleportation, it crumbles to dust.
You feel strangely unstable.
The orc priest invokes the aid of Beogh against you.
Pain shoots through your body!
* * * LOW HITPOINT WARNING * * *
The orc misses you.
You shoot an arrow.
The arrow hits the orc priest but does no damage.
The orc priest is almost dead.
The orc priest barely misses you. The orc hits you with a +0 short sword.
* * * LOW HITPOINT WARNING * * *
The orc misses you.
Unknown command.
You shoot an arrow.
The arrow hits the orc priest but does no damage.
The orc priest is almost dead.
The orc priest invokes the aid of Beogh against you.
Pain shoots through your body!
* * * LOW HITPOINT WARNING * * *
The orc closely misses you. The orc misses you. x2
You shoot an arrow. The arrow hits the orc priest!
You kill the orc priest!
The Shining One accepts your kill. The orc misses you.
The orc closely misses you. The orc hits you but does no damage.
The orc misses you. The orc closely misses you.
The orc hits you with a +0 short sword.
You die...

..# #. ..# #. ..#
#.#############o.#
###.............@o.#
................oo##
###..##############
#....# #....# #....#
#....# #.)#.#######
...#.).....#


You could see 4 orcs.

Vanquished Creatures
  Menkaure (D:4)
  A black bear (D:4)
  A phantom (D:5)
  A bullfrog (D:5)
  A scorpion (D:4)
  A howler monkey (D:4)
  A crimson imp (D:4)
  An orc priest (D:5)
  A gnoll bouda (D:5)
  A sleepcap (D:4)
  An iguana (D:4)
  An orc wizard (D:4)
  11 gnolls
  3 adders
  4 worms (D:2)
  2 dart slugs
  11 orcs
  4 endoplasms
  7 giant cockroaches
  8 goblins
  6 hobgoblins
  4 jackals (D:2)
  5 quokkas
  4 ball pythons
  2 bats
  7 frilled lizards
  A goblin zombie (D:4)
  2 hobgoblin zombies (D:4)
  7 kobolds
  A kobold skeleton (D:4)
  2 kobold zombies (D:4)
  An orc zombie (D:4)
  3 rats
107 creatures vanquished.

Notes
Turn   | Place    | Note
-------+----------+-------------------------------------------
     0 | D:1      | BillyBaka the Kobold Hunter began the quest for the Orb.
     0 | D:1      | Reached XP level 1. HP: 12/12 MP: 1/1
   300 | D:1      | Reached XP level 2. HP: 18/18 MP: 2/2
  1015 | D:2      | Reached XP level 3. HP: 22/22 MP: 3/3
  1063 | D:2      | Found an ornate altar of the Wu Jian Council.
  1231 | D:2      | Identified the +1 robe "Arusoone" {Archmagi}
  1485 | D:2      | Reached XP level 4. HP: 27/27 MP: 4/4
  1560 | D:2      | Found a faded altar of an unknown god.
  1863 | D:3      | Reached skill level 6 in Ranged Weapons
  1863 | D:3      | Reached XP level 5. HP: 14/32 MP: 5/5
  2050 | D:3      | Found a sacrificial altar of Ru.
  2749 | D:4      | Noticed a black bear
  2842 | D:4      | Noticed Menkaure
  2856 | D:4      | Killed Menkaure
  2857 | D:4      | Reached skill level 1 in Evocations
  2857 | D:4      | Reached XP level 6. HP: 13/38 MP: 6/6
  3125 | D:4      | Killed a black bear
  3126 | D:4      | Reached XP level 7. HP: 17/43 MP: 7/7
  3252 | D:4      | Found a glowing golden altar of the Shining One.
  3282 | D:4      | Became a worshipper of the Shining One
  3419 | D:4      | Reached skill level 5 in Stealth
  3646 | D:4      | Reached skill level 7 in Ranged Weapons
  4097 | D:5      | Entered Level 5 of the Dungeon
  4232 | D:4      | Reached skill level 5 in Dodging
  4474 | D:5      | Found a snail-covered altar of Cheibriados.
  4495 | D:5      | Found a shimmering altar of Xom.
  4556 | D:5      | Reached XP level 8. HP: 39/48 MP: 8/8
  4847 | D:5      | Found Ijeprog's Specific Store.
  4848 | D:5      | Found Six Ihoxt's General Store.
  4852 | D:5      | Bought a scroll of teleportation for 45 gold pieces
  4852 | D:5      | Bought a scroll of poison for 60 gold pieces
  4945 | D:5      | HP: 1/48 [orc priest/nerve-wracking pain (5)]
  4946 | D:5      | Slain by an orc

Illustrated notes

Levels and vault maps discovered:
D:1:      shiori_shiawase, layout_basic
D:2:      layout_basic, dreamdust_ecumenical_altar_grove, basic_altar
D:3:      layout_rooms, nicolae_ru_sacrificial_ziggurat, minivault_23
D:4:      layout_gridville, nicolae_tso_besieged_by_evil, uniq_menkaure
D:5:      layout_basic, mainiacjoe_overflow_swirl,
          chequers_temple_overflow_minitemple, nicolae_specific_store,
          minmay_checkerbox

Skill      XL: |  1  2  3  4  5  6  7 |
---------------+----------------------+-----
Stealth        | 2 3 4 5 |  5.9
Dodging        | 3 4 5 |  5.3
Fighting       | 3 4 |  4.9
Ranged Weapons | 6 7 |  7.4
Evocations     | 1 2 3 |  3.4

Action                     |  1- 3 |  4- 6 |  7- 9 || total
---------------------------+-------+-------+-------++-------
  Melee: Shortbow          |       |       |     5 ||     5
   Fire: Shortbow          |    79 |   140 |   157 ||   376
    Use: Potion            |       |       |     4 ||     4
         Scroll            |       |       |     4 ||     4
 Armour: Leather armour    |     4 |       |       ||     4
         Robe              |     1 |    23 |    21 ||    45
  Dodge: Dodged            |    19 |   100 |   128 ||   247
